3R
MAINE SEA DOGS @ BOMPTON BABY LAKERS
08/30/2041
 
TOP OF THE 1ST
Maine Sea Dogs batting - Pitching for Bompton Baby Lakers : LHP Zhao-hui Teng
Pitching: LHP Zhao-hui Teng
Batting: RHB Max Brown 0-0: Called Strike
0-1: Foul Ball, location: 2F
0-2: Ball
1-2: Foul Ball, location: 2F
1-2: Strikes out swinging
Batting: RHB Michael Weber 0-0: Ground out 5-3 (Groundball, 56S, EV 86.9 MPH)
Batting: RHB Jesús Bonilla 0-0: Foul Ball, location: 2F
0-1: SINGLE (Flyball, 89M, EV 93.1 MPH)
Batting: RHB Michael Lindsey 0-0: Ball
1-0: Foul Ball, location: 2F
1-1: Foul Ball, location: 2F
1-2: Strikes out swinging
Top of the 1st over - 0 runs, 1 hit, 0 errors, 1 left on base; Maine 0 - Bompton 0
BOTTOM OF THE 1ST
Bompton Baby Lakers batting - Pitching for Maine Sea Dogs : LHP Pabiyan Ajiganoff
Pitching: LHP Pabiyan Ajiganoff
Batting: RHB Marvin Russell 0-0: Foul Ball, location: 2F
0-1: Foul Ball, location: 2F
0-2: Ground out 5-3 (Groundball, 56S, EV 71.2 MPH)
Batting: LHB Leonardo Valdéz 0-0: Called Strike
0-1: Swinging Strike
0-2: Ball
1-2: Ground out U3 (Groundball, 34, EV 86.9 MPH)
Batting: RHB Jason Wilson 0-0: Ground out 5-3 (Groundball, 56S, EV 75.6 MPH)
Bottom of the 1st over - 0 runs, 0 hits, 0 errors, 0 left on base; Maine 0 - Bompton 0
TOP OF THE 2ND
Maine Sea Dogs batting - Pitching for Bompton Baby Lakers : LHP Zhao-hui Teng
Batting: SHB George McMahon 0-0: Ball
1-0: Swinging Strike
1-1: Called Strike
1-2: Foul Ball, location: 2F
1-2: Ball
2-2: Ball
3-2: Foul Ball, location: 2F
3-2: Base on Balls
Batting: LHB Juan Sapinoso 0-0: Ball
1-0: Ball
2-0: Ball
3-0: Called Strike
3-1: Swinging Strike
3-2: Strikes out swinging
Batting: LHB Bill Fisher 0-0: Ball
1-0: SINGLE (Groundball, 6D, EV 94.4 MPH)
George McMahon to second
Batting: RHB Ernest Bonner 0-0: Ball
1-0: Called Strike
1-1: Fielders Choice at 2nd, 4-6 (Groundball, 34, EV 87.5 MPH)
George McMahon to third
Batting: RHB Joe Fuller 0-0: Fly out, F7 (Flyball, 7D, EV 92.5 MPH)
Top of the 2nd over - 0 runs, 1 hit, 0 errors, 2 left on base; Maine 0 - Bompton 0
BOTTOM OF THE 2ND
Bompton Baby Lakers batting - Pitching for Maine Sea Dogs : LHP Pabiyan Ajiganoff
Batting: RHB Keaton Sturge 0-0: Called Strike
0-1: Ball
1-1: Ground out 1-3 (Groundball, 15S, EV 63.1 MPH)
Batting: RHB David Taylor 0-0: Ball
1-0: Called Strike
1-1: Called Strike
1-2: Ball
2-2: Ball
3-2: Ground out 4-3 (Groundball, 4, EV 81.9 MPH)
Batting: RHB Tim Rowland 0-0: Ground out 6-3 (Groundball, 6, EV 77.5 MPH)
Bottom of the 2nd over - 0 runs, 0 hits, 0 errors, 0 left on base; Maine 0 - Bompton 0
TOP OF THE 3RD
Maine Sea Dogs batting - Pitching for Bompton Baby Lakers : LHP Zhao-hui Teng
Batting: RHB Max Brown 0-0: Ball
1-0: Ball
2-0: Swinging Strike
2-1: Foul Ball, location: 2F
2-2: Foul Ball, location: 2F
2-2: Strikes out looking
Batting: RHB Michael Weber 0-0: Called Strike
0-1: Foul Ball, location: 2F
0-2: Ball
1-2: Ball
2-2: Foul Ball, location: 2F
2-2: Ball
3-2: SINGLE (Line Drive, 8RS, EV 92.5 MPH)
Batting: RHB Jesús Bonilla 0-0: Called Strike
0-1: Ball
1-1: Ball
2-1: Ball
3-1: Fly out, F6 (Popup, P, EV 80.0 MPH)
Batting: RHB Michael Lindsey 0-0: Swinging Strike
0-1: Called Strike
0-2: Foul Ball, location: 2F
0-2: Foul Ball, location: 2F
0-2: Fly out, F7 (Flyball, 7S, EV 92.5 MPH)
Top of the 3rd over - 0 runs, 1 hit, 0 errors, 1 left on base; Maine 0 - Bompton 0
BOTTOM OF THE 3RD
Bompton Baby Lakers batting - Pitching for Maine Sea Dogs : LHP Pabiyan Ajiganoff
Batting: LHB Júlio Silva 0-0: Foul Ball, location: 2F
0-1: Called Strike
0-2: Ball
1-2: Foul Ball, location: 2F
1-2: Ball
2-2: Ground out U3 (Groundball, 34, EV 82.5 MPH)
Batting: RHB Kobbe Elders 0-0: Ground out U3 (Groundball, 34, EV 101.9 MPH)
Batting: RHB Guo-liang Hao 0-0: SINGLE (Line Drive, 4MD, EV 95.6 MPH)
Batting: RHB Marvin Russell 0-0: Called Strike
0-1: Fly out, F4 (Flyball, 34D, EV 74.4 MPH)
Bottom of the 3rd over - 0 runs, 1 hit, 0 errors, 1 left on base; Maine 0 - Bompton 0
TOP OF THE 4TH
Maine Sea Dogs batting - Pitching for Bompton Baby Lakers : LHP Zhao-hui Teng
Batting: SHB George McMahon 0-0: Ball
1-0: Called Strike
1-1: Foul Ball, location: 2F
1-2: Ball
2-2: Foul Ball, location: 2F
2-2: Ground out 6-3 (Groundball, 6, EV 83.8 MPH)
Batting: LHB Juan Sapinoso 0-0: Hit by Pitch
Batting: LHB Bill Fisher 0-0: Foul Ball, location: 2F
0-1: Foul Ball, location: 2F
0-2: Ball
1-2: Foul Ball, location: 2F
1-2: Foul Ball, location: 2F
1-2: Foul Ball, location: 2F
1-2: Foul Ball, location: 2F
1-2: Foul Ball, location: 2F
1-2: Ball
2-2: Strikes out looking
Batting: RHB Ernest Bonner 0-0: Ball
1-0: SINGLE (Groundball, 6S, EV 70.0 MPH) (infield hit)
Juan Sapinoso to second
Batting: RHB Joe Fuller 0-0: Called Strike
0-1: Ball
1-1: Ground out 5-3 (Groundball, 56S, EV 88.1 MPH)
Top of the 4th over - 0 runs, 1 hit, 0 errors, 2 left on base; Maine 0 - Bompton 0
BOTTOM OF THE 4TH
Bompton Baby Lakers batting - Pitching for Maine Sea Dogs : LHP Pabiyan Ajiganoff
Batting: LHB Leonardo Valdéz 0-0: Ball
1-0: Called Strike
1-1: Foul Ball, location: 2F
1-2: Strikes out swinging
Batting: RHB Jason Wilson 0-0: Swinging Strike
0-1: Ball
1-1: SINGLE (Flyball, 6D, EV 91.9 MPH) - OUT at second base trying to stretch hit.
Batting: RHB Keaton Sturge 0-0: Ball
1-0: Foul Ball, location: 2F
1-1: Ball
2-1: Foul Ball, location: 2F
2-2: Ball
3-2: TRIPLE (Flyball, 89XD, EV 94.4 MPH)
Batting: RHB David Taylor 0-0: Ball
1-0: Fly out, F7 (Flyball, 7D, EV 93.8 MPH)
Bottom of the 4th over - 0 runs, 2 hits, 0 errors, 1 left on base; Maine 0 - Bompton 0
TOP OF THE 5TH
Maine Sea Dogs batting - Pitching for Bompton Baby Lakers : LHP Zhao-hui Teng
Batting: RHB Max Brown 0-0: Swinging Strike
0-1: Hit by Pitch
Batting: RHB Michael Weber 0-0: Ball
1-0: Foul Ball, location: 2F
1-1: Ball
2-1: Swinging Strike
2-2: Ball
3-2: Strikes out looking
Batting: RHB Jesús Bonilla 0-0: Ball
1-0: Ball
2-0: Called Strike
2-1: Fly out, F3 (Popup, 34, EV 73.8 MPH)
Batting: RHB Michael Lindsey 0-0: SINGLE (Flyball, 7S, EV 93.1 MPH)
Max Brown to second
Batting: SHB George McMahon 0-0: Called Strike
0-1: Fly out, F8 (Line Drive, 8LM, EV 93.8 MPH)
Top of the 5th over - 0 runs, 1 hit, 0 errors, 2 left on base; Maine 0 - Bompton 0
BOTTOM OF THE 5TH
Bompton Baby Lakers batting - Pitching for Maine Sea Dogs : LHP Pabiyan Ajiganoff
Batting: RHB Tim Rowland 0-0: Called Strike
0-1: Called Strike
0-2: Ball
1-2: Fly out, F8 (Line Drive, 8LD, EV 100.0 MPH)
Batting: LHB Júlio Silva 0-0: Swinging Strike
0-1: Ground out 4-3 (Groundball, 4, EV 86.2 MPH)
Batting: RHB Kobbe Elders 0-0: SINGLE (Groundball, 6S, EV 64.4 MPH) (infield hit)
Batting: RHB Guo-liang Hao 0-0: Ball
1-0: SINGLE (Groundball, 6D, EV 103.8 MPH)
Kobbe Elders to second
Batting: RHB Marvin Russell 0-0: Ball
1-0: Called Strike
1-1: Swinging Strike
1-2: Ball
2-2: Fielders Choice at 2nd, 6-4 (Groundball, 6, EV 78.1 MPH)
Bottom of the 5th over - 0 runs, 2 hits, 0 errors, 2 left on base; Maine 0 - Bompton 0
TOP OF THE 6TH
Maine Sea Dogs batting - Pitching for Bompton Baby Lakers : LHP Zhao-hui Teng
Batting: LHB Juan Sapinoso 0-0: Ball
1-0: Foul Ball, location: 2F
1-1: Swinging Strike
1-2: Strikes out swinging
Batting: LHB Bill Fisher 0-0: Ball
1-0: DOUBLE (Line Drive, 8RXD, EV 105.6 MPH)
Batting: RHB Ernest Bonner 0-0: Reached on error, E6 (Groundball, 6, EV 87.5 MPH)
Bill Fisher to third
Batting: RHB Joe Fuller 0-0: Ball
1-0: Ball
2-0: Called Strike
2-1: Foul Ball, location: 2F
2-2: Strikes out swinging
Pitching: RHP Noah Birkbeck
Batting: RHB Max Brown 0-0: Called Strike
0-1: Ball
1-1: Foul Ball, location: 2F
1-2: Ball
2-2: Strikes out looking
Top of the 6th over - 0 runs, 1 hit, 1 error, 2 left on base; Maine 0 - Bompton 0
BOTTOM OF THE 6TH
Bompton Baby Lakers batting - Pitching for Maine Sea Dogs : LHP Pabiyan Ajiganoff
Batting: LHB Leonardo Valdéz 0-0: Foul Ball, location: 2F
0-1: Fly out, F7 (Flyball, 7LMF, EV 92.5 MPH)
Batting: RHB Jason Wilson 0-0: Called Strike
0-1: Fly out, F9 (Flyball, 9D, EV 102.5 MPH)
Batting: RHB Keaton Sturge 0-0: Ball
1-0: SINGLE (Groundball, 56D, EV 98.1 MPH)
Batting: RHB David Taylor 0-0: Called Strike
Keaton Sturge is caught stealing 2nd base 2-4
Bottom of the 6th over - 0 runs, 1 hit, 0 errors, 0 left on base; Maine 0 - Bompton 0
TOP OF THE 7TH
Maine Sea Dogs batting - Pitching for Bompton Baby Lakers : RHP Noah Birkbeck
Batting: RHB Michael Weber 0-0: Ground out U3 (Groundball, 34, EV 97.5 MPH)
Batting: RHB Jesús Bonilla 0-0: Foul Ball, location: 2F
0-1: Foul Ball, location: 2F
0-2: Ball
1-2: SINGLE (Groundball, 6MD, EV 99.4 MPH)
Batting: RHB Michael Lindsey 0-0: Ball
1-0: Ball
2-0: SINGLE (Groundball, 6D, EV 97.5 MPH)
Jesús Bonilla to second
Runner from 2nd tries for 3rd, OUT! 7-5
Batting: SHB George McMahon 0-0: Ball
1-0: Called Strike
1-1: Foul Ball, location: 2F
1-2: Strikes out swinging
Top of the 7th over - 0 runs, 2 hits, 0 errors, 1 left on base; Maine 0 - Bompton 0
BOTTOM OF THE 7TH
Bompton Baby Lakers batting - Pitching for Maine Sea Dogs : LHP Pabiyan Ajiganoff
Batting: RHB David Taylor 0-0: Ground out 6-3 (Groundball, 6, EV 85.6 MPH)
Batting: RHB Tim Rowland 0-0: Ball
1-0: Called Strike
1-1: Ground out 6-3 (Groundball, 6, EV 100.6 MPH)
Batting: LHB Júlio Silva 0-0: Called Strike
0-1: Ground out 6-3 (Groundball, 56D, EV 102.5 MPH)
Bottom of the 7th over - 0 runs, 0 hits, 0 errors, 0 left on base; Maine 0 - Bompton 0
TOP OF THE 8TH
Maine Sea Dogs batting - Pitching for Bompton Baby Lakers : RHP Noah Birkbeck
Batting: LHB Juan Sapinoso 0-0: Foul Ball, location: 2F
0-1: Swinging Strike
0-2: Strikes out looking
Batting: LHB Bill Fisher 0-0: Ball
1-0: Foul Ball, location: 2F
1-1: Foul Ball, location: 2F
1-2: DOUBLE (Line Drive, 78D, EV 105.0 MPH)
Batting: RHB Ernest Bonner 0-0: Called Strike
0-1: Called Strike
0-2: Ball
1-2: Ground out 6-3 (Groundball, 6, EV 99.4 MPH)
Batting: RHB Joe Fuller 0-0: Foul Ball, location: 2F
0-1: Ball
1-1: Called Strike
1-2: Foul Ball, location: 2F
1-2: Ground out 6-3 (Groundball, 6, EV 89.4 MPH)
Top of the 8th over - 0 runs, 1 hit, 0 errors, 1 left on base; Maine 0 - Bompton 0
BOTTOM OF THE 8TH
Bompton Baby Lakers batting - Pitching for Maine Sea Dogs : LHP Pabiyan Ajiganoff
Batting: RHB Kobbe Elders 0-0: Ball
1-0: Called Strike
1-1: Ball
2-1: Called Strike
2-2: SINGLE (Line Drive, 7LS, EV 100.6 MPH)
Batting: RHB Guo-liang Hao 0-0: Sac Bunt to 15S - play at first, batter OUT! 1-4
Kobbe Elders to second
Batting: RHB Marvin Russell 0-0: Ball
1-0: Ball
2-0: Called Strike
2-1: Ground out 5-3 (Groundball, 56, EV 82.5 MPH)
Batting: LHB Leonardo Valdéz 0-0: Ball
1-0: Ball
2-0: SINGLE (Line Drive, 78S, EV 102.5 MPH)
Kobbe Elders to third
Runner from 3rd tries for Home, SAFE, no throw by LF
Batting: RHB Jason Wilson 0-0: Ball
1-0: Ball
2-0: Ground out 5-3 (Groundball, 56S, EV 79.4 MPH)
Bottom of the 8th over - 1 run, 2 hits, 0 errors, 1 left on base; Maine 0 - Bompton 1
TOP OF THE 9TH
Maine Sea Dogs batting - Pitching for Bompton Baby Lakers : RHP Noah Birkbeck
Pitching: LHP Rick Baker
Batting: RHB Max Brown 0-0: Ball
1-0: Foul Ball, location: 2F
1-1: Called Strike
1-2: Ball
2-2: DOUBLE (Groundball, 3L, EV 101.2 MPH)
Batting: RHB Michael Weber 0-0: Called Strike
0-1: Ball
1-1: Foul Ball, location: 2F
1-2: Foul Ball, location: 2F
1-2: Strikes out swinging
Batting: RHB Jesús Bonilla 0-0: Called Strike
0-1: Swinging Strike
0-2: Ball
1-2: Ball
2-2: Foul Ball, location: 2F
2-2: Foul Ball, location: 2F
2-2: Strikes out swinging
Batting: RHB Michael Lindsey 0-0: Swinging Strike
0-1: Swinging Strike
0-2: Foul Ball, location: 2F
0-2: Ball
1-2: Ball
2-2: Ball
3-2: Foul Ball, location: 2F
3-2: Base on Balls
Batting: SHB George McMahon 0-0: Ball
1-0: Ball
2-0: Called Strike
2-1: Foul Ball, location: 2F
2-2: Ball
3-2: Foul Ball, location: 2F
3-2: Fly out, F7 (Flyball, 7LDF, EV 102.5 MPH)
Top of the 9th over - 0 runs, 1 hit, 0 errors, 2 left on base; Maine 0 - Bompton 1
Tuesday, January 5th, 2021 - OOTP Baseball 20.8 Build 74